 Dungeon Crawl Stone Soup version 0.29-a0-321-gf1c400731a (webtiles) character file.

Game seed: 15871475049041981363

1548 sammy202020 the Skirmisher (level 8, -4/87 HPs)
             Began as an Ogre Monk on Apr 4, 2022.
             Slain by a lemure (8 damage)
             ... led by Pikel
             ... on level 5 of the Dungeon.
             The game lasted 00:07:44 (7238 turns).

sammy202020 the Skirmisher (Ogre Monk)              Turns: 7238, Time: 00:07:44

Health: -4/87      AC:  5    Str: 22    XL:     8   Next: 87%
Magic:  8/8        EV: 11    Int: 13    God:
Gold:   417        SH:  0    Dex: 11    Spells: 7/7 levels left

rFire   . . .      SeeInvis .   j - +2 whip (elec)
rCold   . . .      Faith    .   (no shield)
rNeg    . . .      Spirit   .   b - +0 robe
rPois   .          Reflect  .   (helmet restricted)
rElec   .          Harm     .   v - +1 cloak
rCorr   .          Rampage  .   (gloves unavailable)
Will    .....                   (boots unavailable)
Stlth   ++........              (no amulet)
HPRegen 0.24/turn               g - +6 ring of strength
MPRegen 0.11/turn               (no ring)

@: no status effects
A: large, unfitting armour, tough skin 1
a: no special abilities


You were on level 5 of the Dungeon.
You visited 1 branch of the dungeon, and saw 5 of its levels.

You collected 417 gold pieces.

Inventory:

Hand Weapons
 j - a +2 whip of electrocution (weapon)
 k - a +0 hunting sling
 q - a +4 great mace of draining
 w - a +0 giant spiked club
Missiles
 n - 4 poisoned darts (quivered)
 t - 2 boomerangs
Armour
 b - a +0 robe (worn)
 v - a +1 cloak (worn)
Jewellery
 g - a +6 ring of strength (left hand)
Scrolls
 h - 2 scrolls of blinking
 l - a scroll of fog
 m - a scroll of enchant armour
Potions
 a - a potion of degeneration {unknown}
 c - a potion of magic
 d - 2 potions of flight
 e - a potion of lignification {unknown}
 f - a potion of curing
 i - a potion of brilliance {unknown}
 o - a potion of heal wounds {unknown}
 p - 3 potions of attraction
 r - 2 potions of ambrosia
 s - a potion of cancellation
 u - a potion of haste {unknown}


   Skills:
 + Level 7.2 Fighting
 * Level 6.6 Maces & Flails
 * Level 6.4 Dodging
 - Level 3.0 Stealth


You had 7 spell levels left.
You didn't know any spells.
Your spell library contained the following spells:

 Spells                   Type           Power      Damage    Failure   Level
 Beastly Appendage        Tmut           0%         N/A       30%         1
 Sandblast                Erth           0%         2d4       30%         1
 Passwall                 Tmut/Erth      0%         N/A       43%         2
 Wereblood                Tmut           0%         N/A       43%         2
 Spider Form              Tmut/Pois      0%         N/A       67%         3
 Stone Arrow              Conj/Erth      0%         3d7       67%         3


Dungeon Overview and Level Annotations

Branches:
Dungeon (5/15)
 Temple: D:4-7

Altars:
Elyvilon
Gozag
Trog

Annotations:
D:5 Pikel


Innate Abilities, Weirdness & Mutations

You are too large for most types of armour.
You have tough skin. (AC +1)


Message History

The lemure misses you.
You hit Pikel. Lightning courses through Pikel!
Pikel is heavily wounded.
You closely miss Pikel.
Pikel is heavily wounded.
Pikel misses you. The lemure hits you. The lemure barely misses you.
The lemure misses you.
You hit Pikel. Lightning courses through Pikel!
Pikel is almost dead.
Pikel hits you with a +1 whip of freezing.
Pikel freezes you. The lemure hits you. x3
You hit Pikel.
Pikel is almost dead.
Pikel hits you with a +1 whip of freezing.
Pikel freezes you.
* * * LOW HITPOINT WARNING * * *
The lemure closely misses you. The lemure hits you.
* * * LOW HITPOINT WARNING * * *
The lemure hits you but does no damage.
You closely miss Pikel.
Pikel is almost dead.
You barely miss Pikel.
Pikel is almost dead.
Pikel hits you with a +1 whip of freezing.
* * * LOW HITPOINT WARNING * * *
Pikel freezes you.
* * * LOW HITPOINT WARNING * * *
The lemure barely misses you. The lemure hits you.
* * * LOW HITPOINT WARNING * * *
The lemure hits you.
* * * LOW HITPOINT WARNING * * *
You hit Pikel but do no damage.
Pikel is almost dead.
Pikel hits you with a +1 whip of freezing!
* * * LOW HITPOINT WARNING * * *
Pikel freezes you.
* * * LOW HITPOINT WARNING * * *
The lemure hits you but does no damage. The lemure closely misses you.
The lemure hits you!
You die...

.....!....# .........#
.........# ..?.....
###### #.....# ###
#....# #.....#
..######....###5K5..####
..'.............@5......
..##........###.....###.
..##........# #######
..##........#
..##......#'#
..##......#_#
..++..)...###
####........#
≈≈#.........#


You could see Pikel and 3 lemures.

Vanquished Creatures
  A two-headed ogre (D:5)
  The ghost of NinjaNoafa the Chopper, an amateur HOMo of Beogh (D:5)
  A water moccasin (D:5)
  An ogre (D:5)
  A lemure (D:5)
  A phantom (D:4)
  A bullfrog (D:3)
  A necrophage (D:5)
  A scorpion (D:5)
  Crazy Yiuf (D:2)
  3 iguanas
  9 adders
  A river rat (D:5)
  4 worms
  2 dart slugs
  3 orcs
  15 endoplasms
  6 giant cockroaches
  9 goblins
  6 hobgoblins
  8 jackals
  2 quokkas
  8 ball pythons
  4 bats
  4 frilled lizards
  11 kobolds
  6 rats
111 creatures vanquished.

Notes
Turn   | Place    | Note
-------+----------+-------------------------------------------
     0 | D:1      | sammy202020 the Ogre Monk began the quest for the Orb.
     0 | D:1      | Reached XP level 1. HP: 24/24 MP: 1/1
    99 | D:1      | Reached XP level 2. HP: 20/32 MP: 2/2
   611 | D:1      | Noticed a floating eye
   613 | D:1      | Found a faded altar of an unknown god.
   617 | D:1      | Noticed an eye of devastation
   619 | D:1      | Noticed a floating eye
   619 | D:1      | Noticed a shining eye
   884 | D:1      | Reached XP level 3. HP: 25/39 MP: 3/3
  2490 | D:2      | You fall into a shaft and drop 2 floors!
  2496 | D:4      | Reached XP level 4. HP: 48/49 MP: 4/4
  2772 | D:3      | Noticed a bullfrog
  2777 | D:3      | Killed a bullfrog
  2778 | D:3      | Reached XP level 5. HP: 53/55 MP: 5/5
  2988 | D:3      | Found an opulent altar of Gozag.
  3441 | D:2      | Found a runed translucent door.
  3442 | D:2      | Noticed Crazy Yiuf
  3551 | D:2      | Reached skill level 5 in Fighting
  3641 | D:2      | Killed Crazy Yiuf
  3844 | D:3      | Reached XP level 6. HP: 66/66 MP: 6/6
  4421 | D:4      | Found a bloodstained altar of Trog.
  5825 | D:5      | Entered Level 5 of the Dungeon
  5835 | D:5      | Found a runed translucent door.
  5860 | D:5      | Noticed NinjaNoafa's ghost (amateur HOMo)
  5860 | D:5      | Noticed a water moccasin
  5883 | D:5      | Killed a water moccasin
  5884 | D:5      | Reached XP level 7. HP: 15/72 MP: 7/7
  6397 | D:5      | Killed NinjaNoafa's ghost
  6398 | D:5      | Reached skill level 6 in Fighting
  6398 | D:5      | Reached skill level 5 in Maces & Flails
  6398 | D:5      | Reached skill level 5 in Dodging
  6401 | D:5      | Found a runed translucent door.
  6421 | D:5      | Reached XP level 8. HP: 40/83 MP: 8/8
  6740 | D:5      | Noticed a two-headed ogre
  6748 | D:5      | Killed a two-headed ogre
  6749 | D:5      | Reached skill level 7 in Fighting
  7208 | D:5      | Found a white marble altar of Elyvilon.
  7214 | D:5      | Noticed Pikel
  7238 | D:5      | HP: 4/87 [Pikel/+1 whip of freezing (3)]
  7238 | D:5      | Slain by a lemure

Illustrated notes

Levels and vault maps discovered:
D:1:      lightli_arrival_noodles, layout_basic, serial_glass, glass_columns_a,
          glass_columns_a, hellmonk_ecumenical_altar_watching_god,
          dk_noncrumbling_4, minmay_misc_feat_tiny
D:2:      layout_loops_corners, palyth_stone_intersect, minmay_close_crescents,
          uniq_crazy_yiuf_cottage
D:3:      layout_loops_ring, nicolae_overflow_crystal_walls
D:4:      layout_basic, mainiacjoe_overflow_catwalk, minmay_misc_feat_encased,
          lemuel_another_geyser
D:5:      layout_basic, kennysheep_mini, minmay_temple_entry_glassed_door,
          ebering_ghost_sewer_f, kennysheep_generic_room_12, uniq_pikel

Skill      XL: |  1  2  3  4  5  6  7  8 |
---------------+-------------------------+-----
Maces & Flails | 3 4 5 6 |  6.6
Dodging        | 3 4 5 6 |  6.4
Stealth        | 2 3 |  3.0
Fighting       | 5 6 7 |  7.2

Action                   |  1- 3 |  4- 6 |  7- 9 || total
-------------------------+-------+-------+-------++-------
Melee: Mace              |   100 |       |       ||   100
       Punch             |     3 |       |     1 ||     4
       Whip              |    36 |   138 |    33 ||   207
       Great mace        |       |     8 |    22 ||    30
  Use: Potion            |     2 |     1 |     2 ||     5
       Scroll            |       |    13 |       ||    13
 Stab: Sleeping          |     2 |     8 |       ||    10
Armor: Robe              |    31 |    31 |     9 ||    71
Dodge: Dodged            |    71 |    66 |    36 ||   173

Table legend: (Time is in decaauts)
 A = Elapsed time spent in this place.
 B = Non-inter-level travel time spent in this place.
 C = Inter-level travel time spent in this place.
 D = Time resting spent in this place.
 E = Time spent auto-exploring this place.
 F = Levels seen in this place.
 G = Mean time per level.
                   A        B        C        D        E       F      G
               +--------+--------+--------+--------+--------+-----+--------+
         Total |   7255 |   7220 |     35 |   1507 |   4644 |   5 | 1451.0 |
       Dungeon |   7255 |   7220 |     35 |   1507 |   4644 |   5 | 1451.0 |
               +--------+--------+--------+--------+--------+-----+--------+

Top non-repeatable levels by time:
     D:2: 1751 daAuts
     D:4: 1677 daAuts
     D:1: 1559 daAuts
     D:5: 1422 daAuts
     D:3: 845 daAuts
